 Dungeon Sprint DCSS version 0.32-a0-666-ge8a88695a4 (webtiles) character file.

Game seed: 9121358500011342687

23122 rocky1 the Warrior (level 12, 0/121 (134) HPs)
             Began as a Mountain Dwarf Fighter on Mar 10, 2024.
             Was an Initiate of Gozag.
             Slain by Azrael
             ... wielding a +1 scimitar of flaming
              (2 damage)
             ... in the Dungeon (Sprint VII: "The Pits").
             The game lasted 00:20:22 (7868 turns).

rocky1 the Warrior (Mountain Dwarf Fighter)         Turns: 7868, Time: 00:20:22

HP:   0/121 (134)   AC: 19    Str: 24    XL:     12   Next: 69%
MP:   21/21         EV:  9    Int:  9    God:    Gozag
Gold: 1200          SH:  6    Dex:  9    Spells: 18/23 levels left

rFire   + . .        x - +2 morningstar (heavy)
rCold   + . .        c - +0 buckler
rNeg    . . .        o - +3 chain mail
rPois   +            (no helmet)
rElec   +            (no cloak)
rCorr   +            (no gloves)
SInv    .            v - +0 pair of boots
Will    +....        (no amulet) Stlth
                     (no ring)
HPRegen 0.40/turn    (no ring)
MPRegen 0.17/turn

%: no teleportation
@: mighty, resistant, hasted, glowing, drained, very quick
A: runic magic, artefact enchanting
a: Renounce Religion, Potion Petition, Call Merchant, Bribe Branch


You were in the Dungeon.
You worshipped Gozag.
Gozag was most pleased with you.
You visited 1 branch You collected 7223 gold pieces.
You spent 118 gold pieces at shops.
You paid 5905 gold pieces to Gozag.

Inventory:

Hand Weapons
 a - a +1 morningstar of protection
 p - a +3 flail of protection
 x - a +2 heavy morningstar (weapon)
 y - a +2 heavy war axe
 J - a +1 flail of holy wrath
Missiles
 f - 4 javelins
 r - 2 curare-tipped darts
 z - 5 poisoned darts
Armour
 b - a +0 scale mail
 c - a +0 buckler (worn)
 o - a +3 chain mail (worn)
 v - a +0 pair of boots (worn)
 w - a +4 scale mail
Jewellery
 i - a +3 ring of dexterity
 s - a +3 ring of strength
 H - a ring of willpower
 I - a ring of protection from cold
Wands
 j - a wand of polymorph (15)
 n - a wand of iceblast (11)
 q - a wand of acid (8) (quivered)
Scrolls
 l - 3 scrolls of vulnerability
 m - 5 scrolls of amnesia
 A - 2 scrolls of blinking
 C - 6 scrolls of enchant armour
 D - a scroll of fog
 F - a scroll of fear
 G - a scroll of identify
Potions
 d - 3 potions of might
 e - 4 potions of curing
 g - a potion of haste
 h - 4 potions of magic
 k - a potion of invisibility
 t - 2 potions of mutation
 u - a potion of berserk rage
 E - a potion of resistance


   Skills:
 - Level 20.4 Fighting
 - Level 18.5 Maces & Flails
 - Level 18.3 Armour
 + Level 12.1 Shields
 + Level 6.2 Spellcasting
 + Level 6.8 Conjurations
 + Level 9.0 Fire Magic


You had 18 spell levels left.
You knew the following spells:

 Your Spells              Type           Power      Damage    Failure   Level
a - Fireball              Conj/Fire      8%         3d6       32%         5

Your spell library contained the following spells:

 Spells                   Type           Power      Damage    Failure   Level
 Mephitic Cloud           Conj/Alch/Air  6%         N/A       36%         3
 Lesser Beckoning         Tloc           4%         N/A       43%         2
 Mercury Vapours          Alch/Air       4%         N/A       43%         2
 Iskenderun's Battlesphe  Conj           15%        2d7       45%         5
 Brom's Barrelling Bould  Conj/Erth      8%         2d3       61%         4
 Gell's Gravitas          Tloc           2%         N/A       67%         3
 Teleport Other           Tloc           2%         N/A       67%         3
 Freezing Cloud           Conj/Ice/Air   3%         6-21      98%         5
 Conjure Ball Lightning   Conj/Air       4%         3x3d6     100%        6
 Orb of Destruction       Conj           7%         9d6       100%        7


Dungeon Overview and Level Annotations

Branches:
Dungeon (1/1)

Altars:
Ashenzari
Cheibriados
Dithmenos
Elyvilon
Fedhas
Gozag
Hepliaklqana
Kikubaaqudgha
Makhleb
Nemelex Xobeh
Okawaru
Qazlal
Ru
Sif Muna
Trog
Uskayaw
Vehumet
Wu Jian
Xom
Yredelemnul
Zin
The Shining One
Beogh
Jiyva
Lugonu

Shops:
D (

Annotations:
D Azrael


Innate Abilities, Weirdness & Mutations

Your spellcasting is much less encumbered by armour.
You can use scrolls of enchantment on lesser artefacts.


Message History

Purchase which effect?
You feel much better.
You feel better. Magic courses through your body.
You feel yourself speed up.
Unknown command.
The chaos spawn's many legs skitter faintly.
Azrael gestures at you.
The sphere of damnation explodes!
The damnation engulfs you!!
* * * LOW HITPOINT WARNING * * *
The damnation engulfs Azrael.
Azrael completely resists.
There is a huge open gate to the Grid Vault (Hard) here.
You bludgeon Azrael!!
Azrael is moderately wounded.
The laughing skull gibbers with scorn.
The bolt of negative energy misses the ophan.
The bolt of negative energy hits Azrael.
Azrael completely resists.
The bolt of negative energy hits you.
You feel drained.
* * * LOW HITPOINT WARNING * * *
The ophan is engulfed in blazing flames.
Azrael hits you with a +1 scimitar of flaming!
* * * LOW HITPOINT WARNING * * *
Azrael burns you.
* * * LOW HITPOINT WARNING * * *
You flatten Azrael like a pancake!!!
Azrael is almost dead.
The ophan calls forth blessed flames!
Blessed fire suddenly surrounds you!
Unknown command.
You puncture Azrael!
Azrael is almost dead.
The laughing skull gibbers with scorn.
The bolt of negative energy hits Azrael.
Azrael completely resists.
The bolt of negative energy hits you!
You feel drained.
* * * LOW HITPOINT WARNING * * *
Azrael hits you with a +1 scimitar of flaming!
* * * LOW HITPOINT WARNING * * *
Azrael burns you.
You die...
Your body crumbles into a pile of gold.

#[# #..... #G# #..... #k# ###''#
#h# ## ####''# #°#h# .##.)...
############4##..##.#)## #####
........G..§z§...##.#))' ___.#
......§§R°.§§§...##.'..# ___.#
######§@###########.#..'
_...###########§§###########.').#
###'##................##..##.##'#
))'.##......#..#......##..##. ...
###)##................''..## ####
...).)................''..#######
)#####......#..#......##.........
.#..##......)∩...)....##.........
.#))#####'#####''################


You could see an ophan, Azrael, a chaos spawn, a hell hound and a laughing skull
(corroded).

Vanquished Creatures
  An orc warlord (D)
  An eidolon (D)
  A minotaur (D)
  A hydra (D)
  2 alligators (D)
  An anaconda (D)
  A death yak (D)
  7 hell hogs (D)
  A fire crab (D)
  A cherub (D)
  A bog body (D)
  An orc knight (D)
  A phantasmal warrior (D)
  2 deep elf zephyrmancers (D)
  2 orc sorcerers (D)
  2 black mambas (D)
  Maurice (D)
  An orange demon (D)
  2 gargoyles (D)
  An efreet (D)
  2 freezing wraiths (D)
  Psyche (D)
  A hellwing (D)
  A polar bear (D)
  A wind drake (D)
  6 dream sheep (D)
  A tarantella (D)
  A troll (shapeshifter) (D)
  3 glass eyes (D)
  Sigmund (D)
  4 slime creatures (D)
  A shadow (D)
  A warg (D)
  A steam dragon (D)
  A redback (D)
  An acid dragon (D)
  Edmund (D)
  5 hell hounds (D)
  A black bear (D)
  4 orc warriors (D)
  2 laughing skulls (D)
  A centaur (D)
  2 crocodiles (D)
  A wolf (D)
  A phantom (D)
  A kobold brigand (D)
  A brain worm (D)
  A scorpion (D)
  A gnoll sergeant (D)
  A quasit (D)
  2 orc priests (D)
  A jelly (D)
  An iron imp (D)
  An orc wizard (D)
  A hell rat (D)
  A gnoll (D)
  A river rat (D)
  An adder (D)
  2 adder skeletons (D)
  An orc (D)
  2 bats (D)
  An endoplasm (D)
  2 giant cockroaches (D)
  A goblin (D)
  10 jackals (D)
  A quokka (D)
  A kobold (D)
  A quokka skeleton (D)
112 creatures vanquished.

Vanquished Creatures (collateral kills)
  Sonja (D)
1 creature vanquished.

Vanquished Creatures (others)
  An eidolon (D)
  A hell hound (D)
  An ufetubus (D)
3 creatures vanquished.

Grand Total: 116 creatures vanquished

Notes
Turn   | Place    | Note
-------+----------+-------------------------------------------
     0 | D        | rocky1 the Mountain Dwarf Fighter began the quest for the
                  | Orb.
     0 | D        | Reached XP level 1. HP: 19/19 MP: 1/1
    20 | D        | Found a bloodstained altar of Trog.
    20 | D        | Found a shimmering blue altar of Sif Muna.
    20 | D        | Found a viscous altar of Jiyva.
    20 | D        | Found a hazy altar of Hepliaklqana.
    20 | D        | Found an opulent altar of Gozag.
    43 | D        | Found a glowing golden altar of the Shining One.
    43 | D        | Found a glowing silver altar of Zin.
    43 | D        | Found a basalt altar of Yredelemnul.
    43 | D        | Found a shimmering altar of Xom.
    43 | D        | Found an ornate altar of the Wu Jian Council.
    43 | D        | Found a sacrificial altar of Ru.
    43 | D        | Found a stormy altar of Qazlal.
    43 | D        | Found an iron altar of Okawaru.
    43 | D        | Found a sparkling altar of Nemelex Xobeh.
    43 | D        | Found a burning altar of Makhleb.
    43 | D        | Found a blossoming altar of Fedhas.
    43 | D        | Found a white marble altar of Elyvilon.
    43 | D        | Found a shadowy altar of Dithmenos.
    43 | D        | Found a snail-covered altar of Cheibriados.
    47 | D        | Found a roughly hewn altar of Beogh.
    47 | D        | Found a corrupted altar of Lugonu.
    47 | D        | Found a radiant altar of Vehumet.
    48 | D        | Found a broken altar of Ashenzari.
    48 | D        | Found an ancient bone altar of Kikubaaqudgha.
    48 | D        | Found a hide-covered altar of Uskayaw.
    50 | D        | Became a worshipper of Gozag Ym Sagoz the Greedy
    65 | D        | Reached skill level 5 in Maces & Flails
    65 | D        | Reached XP level 2. HP: 15/26 MP: 2/2
   335 | D        | Noticed a glass eye
   372 | D        | Killed a glass eye
   373 | D        | Reached XP level 3. HP: 31/31 MP: 3/3
   373 | D        | Reached XP level 4. HP: 38/38 MP: 4/4
   373 | D        | Reached XP level 5. HP: 45/45 MP: 5/5
   816 | D        | Noticed a black bear
   829 | D        | Killed a black bear
   830 | D        | Reached skill level 5 in Fighting
   830 | D        | Reached XP level 6. HP: 44/57 MP: 6/6
  1141 | D        | Noticed Sigmund
  1153 | D        | Killed Sigmund
  1154 | D        | Reached skill level 9 in Fighting
  1539 | D        | Noticed Edmund
  1552 | D        | Killed Edmund
  1553 | D        | Reached skill level 11 in Fighting
  1553 | D        | Reached XP level 7. HP: 53/74 MP: 7/7
  1823 | D        | Noticed Sonja
  1851 | D        | Killed Sonja
  1852 | D        | Reached skill level 10 in Armour
  1852 | D        | Reached XP level 8. HP: 59/82 MP: 8/8
  2224 | D        | Bought a +1 morningstar of protection for 118 gold pieces
  2228 | D        | Noticed an orc sorcerer
  2236 | D        | Noticed an orange demon
  2236 | D        | Paralysed by an orc sorcerer for 2 turns
  2242 | D        | Noticed a hellwing
  2244 | D        | Killed an orc sorcerer
  2519 | D        | Reached skill level 15 in Maces & Flails
  2529 | D        | Reached XP level 9. HP: 86/90 MP: 9/9
  2647 | D        | Noticed a deep elf zephyrmancer
  2647 | D        | Noticed an orc knight
  2654 | D        | Reached skill level 12 in Fighting
  2692 | D        | Killed an orc knight
  2693 | D        | Reached skill level 5 in Shields
  2700 | D        | Killed a deep elf zephyrmancer
  2872 | D        | Noticed a bog body
  2878 | D        | Killed a bog body
  2879 | D        | Reached skill level 13 in Fighting
  3240 | D        | Noticed an orc sorcerer
  3244 | D        | Noticed a red devil
  3244 | D        | Killed an orc sorcerer
  3245 | D        | Reached XP level 10. HP: 63/101 MP: 10/10
  3654 | D        | Noticed a gargoyle
  3663 | D        | Killed a gargoyle
  3666 | D        | Noticed Maurice
  3666 | D        | Noticed a phantasmal warrior
  3703 | D        | Something stole a +1 morningstar of protection
  3705 | D        | Something stole a +3 ring of strength
  3706 | D        | Killed a phantasmal warrior
  3712 | D        | Killed Maurice
  3903 | D        | Noticed an orange demon
  3910 | D        | Killed an orange demon
  4117 | D        | Noticed a minotaur
  4117 | D        | Noticed a hell hog
  4123 | D        | Killed a minotaur
  4124 | D        | Reached skill level 14 in Fighting
  4124 | D        | Reached skill level 15 in Armour
  4125 | D        | Noticed a hell hog
  4130 | D        | Reached skill level 15 in Fighting
  4135 | D        | Killed a hell hog
  4139 | D        | Reached skill level 16 in Fighting
  4143 | D        | Noticed a hell hog
  4146 | D        | Reached XP level 11. HP: 45/114 MP: 11/11
  4164 | D        | Killed a hell hog
  4165 | D        | Reached skill level 17 in Fighting
  4167 | D        | Killed a hell hog
  4526 | D        | Noticed a death yak
  4532 | D        | Killed a death yak
  4533 | D        | Reached skill level 18 in Fighting
  4550 | D        | Noticed Psyche
  4556 | D        | Killed Psyche
  5359 | D        | Reached skill level 19 in Fighting
  5445 | D        | Noticed an eidolon
  5451 | D        | Killed an eidolon
  5850 | D        | Noticed an orc warlord
  5880 | D        | Killed an orc warlord
  5881 | D        | Reached skill level 20 in Fighting
  5919 | D        | Learned a level 5 spell: Fireball
  6344 | D        | Reached skill level 1 in Fire Magic
  6351 | D        | Reached skill level 1 in Conjurations
  6574 | D        | Noticed an alligator
  6575 | D        | Noticed an alligator
  6589 | D        | Killed an alligator
  6590 | D        | Reached skill level 1 in Spellcasting
  6590 | D        | Reached XP level 12. HP: 134/134 MP: 12/14
  6595 | D        | Killed an alligator
  6634 | D        | Noticed an eight-headed hydra
  6646 | D        | Killed an eight-headed hydra
  6647 | D        | Reached skill level 10 in Shields
  6647 | D        | Reached skill level 5 in Fire Magic
  7791 | D        | Noticed a hell hog
  7792 | D        | Noticed a hell hog
  7795 | D        | Killed a hell hog
  7797 | D        | Noticed an anaconda
  7798 | D        | Reached skill level 5 in Conjurations
  7799 | D        | Killed an anaconda
  7800 | D        | Reached skill level 5 in Spellcasting
  7801 | D        | Killed a hell hog
  7825 | D        | Noticed a hell hog
  7828 | D        | Killed a hell hog
  7830 | D        | Noticed a hell hog
  7834 | D        | Killed a hell hog
  7837 | D        | Noticed an ophan
  7840 | D        | Noticed an eidolon
  7852 | D        | Identified the ring of Brawling {rF+ rN+ Will+ Str+6 Dex-2}
  7852 | D        | Noticed Azrael
  7854 | D        | Killed an eidolon
  7861 | D        | Noticed an alligator snapping turtle
  7868 | D        | HP: 2/121 [Azrael/+1 scimitar of flaming (9)]
  7868 | D        | Slain by Azrael

Illustrated notes

Levels and vault maps discovered:
D:        pitsprint [storerooms_1, entrance_room_1, metal_vault_6, armoury_2,
          mini_pit_1, grid_room_1, main_hall_1, silver_pit, the_coven_1,
          the_vestibule_1, steel_vault_1, golden_pit, hallway_of_sentries,
          crystal_vault_6, iron_vault_3, final_vault]

Skill      XL: |  1  2  3  4  5  6  7  8  9 10 11 12 |
---------------+-------------------------------------+-----
Maces & Flails | 5 13 14 15 17 18 | 18.5
Fighting       | 5 11 13 16 20 | 20.4
Armour         | 10 13 14 16 18 | 18.3
Shields        | 4 7 8 9 12 | 12.1
Fire Magic     | 2 9 |  9.0
Conjurations   | 2 6 |  6.8
Spellcasting   | 1 6 |  6.2

Action                     |  1- 3 |  4- 6 |  7- 9 | 10-12 || total
---------------------------+-------+-------+-------+-------++-------
  Melee: Flail             |    44 |    61 |    41 |       ||   146
         Morningstar       |       |       |    53 |   234 ||   287
 Invoke: Call Merchant     |       |       |     1 |       ||     1
         Potion Petition   |       |       |       |    10 ||    10
Ability: End Transformatio |       |       |       |     1 ||     1
  Evoke: Wand              |       |       |       |     5 ||     5
    Use: Potion            |       |     1 |    16 |    10 ||    27
         Scroll            |       |       |     2 |       ||     2
   Stab: Invisible         |       |       |     3 |     3 ||     6
         Distracted        |       |       |       |     7 ||     7
 Armour: Scale mail        |    17 |    41 |       |       ||    58
         Chain mail        |       |    11 |   107 |   216 ||   334
         Skin              |       |       |       |    36 ||    36
  Dodge: Dodged            |    14 |    34 |    41 |    62 ||   151
  Block: Buckler           |     7 |    18 |    17 |    62 ||   104

Table legend: (Time is in decaauts)
 A = Elapsed time spent in this place.
 B = Non-inter-level travel time spent in this place.
 C = Inter-level travel time spent in this place.
 D = Time resting spent in this place.
 E = Time spent auto-exploring this place.
 F = Levels seen in this place.
 G = Mean time per level.
                   A        B        C        D        E       F      G
               +--------+--------+--------+--------+--------+-----+--------+
         Total |   7836 |   7747 |     89 |   6032 |      0 |   1 | 7836.0 |
       Dungeon |   7836 |   7747 |     89 |   6032 |      0 |   1 | 7836.0 |
               +--------+--------+--------+--------+--------+-----+--------+

Top non-repeatable levels by time:
       D: 7836 daAuts
